 Dungeon Crawl Stone Soup version 0.28.0-47-ge53b351184 (webtiles) character file.

Game seed: 13086409611482029031

21 Cak3Hol3 the Grasshopper (level 2, 0/24 HPs)
             Began as a Barachi Warper on May 4, 2022.
             Slain by an orc
             ... wielding a +1 vorpal flail
              (3 damage)
             ... on level 3 of the Dungeon.
             The game lasted 00:06:30 (946 turns).

Cak3Hol3 the Grasshopper (Barachi Warper)            Turns: 946, Time: 00:06:31

Health: 0/24       AC:  5    Str: 12    XL:     2   Next: 87%
Magic:  5/5        EV: 10    Int: 18    God:
Gold:   63         SH:  0    Dex: 11    Spells: 3/5 levels left

rFire   . . .      SeeInvis .   o - +4 dagger "Morg" {pain, Will+ Int+5}
rCold   . . .      Faith    .   (no shield)
rNeg    . . .      Spirit   .   l - +0 ring mail
rPois   .          Reflect  .   (no helmet)
rElec   .          Harm     .   (no cloak)
rCorr   .          Rampage  .   (no gloves)
Will    +....                   (no boots)
Stlth   +.........              (no amulet)
HPRegen 0.08/turn               (no ring)
MPRegen 0.09/turn               (no ring)

@: slow
A: amphibious, slowness 1, strong legs 1, +LOS
a: Hop


You were on level 3 of the Dungeon.
You visited 1 branch of the dungeon, and saw 3 of its levels.

You collected 63 gold pieces.

Inventory:

Hand Weapons
 a - a +0 falchion
 o - the +4 dagger "Morg" (weapon) {pain, Will+ Int+5}
   (You found it on level 3 of the Dungeon)

   In the hands of one skilled in necromantic magic, it inflicts extra damage on
   living creatures.
   Int:       It affects your intelligence (+5).
   Will:      It increases your willpower.
 p - a +0 war axe
Missiles
 d - a boomerang of dispersal (quivered)
 n - 4 boomerangs
 q - 16 arrows
Armour
 b - a +0 leather armour
 k - a +0 leather armour
 l - a +0 ring mail (worn)
Scrolls
 c - a scroll of blinking
 e - a scroll of enchant armour {unknown}
 f - 2 scrolls of identify {unknown}
 g - a scroll of fog {unknown}
Potions
 h - a potion of flight {unknown}
 i - a potion of cancellation {unknown}
 j - a potion of berserk rage {unknown}
 m - a potion of brilliance {unknown}


   Skills:
 + Level 3.1 Fighting
 + Level 2.6 Long Blades
 + Level 1.0 Throwing
 + Level 1.3 Armour
 + Level 2.2 Dodging
 + Level 0.2 Stealth
 + Level 2.3 Spellcasting
 + Level 3.6 Translocations


You had 3 spell levels left.
You knew the following spells:

 Your Spells              Type           Power      Damage    Failure   Level
a - Blink                 Tloc           30%        N/A       13%         2

Your spell library contained the following spells:

 Spells                   Type           Power      Damage    Failure   Level
 Gell's Gravitas          Tloc           15%        N/A       26%         3
 Lesser Beckoning         Tloc           15%        N/A       26%         3
 Teleport Other           Tloc           15%        N/A       26%         3
 Manifold Assault         Tloc           15%        N/A       94%         5


Dungeon Overview and Level Annotations

Branches:
Dungeon (3/15)

Altars:

Annotations:
D:2 Sigmund


Innate Abilities, Weirdness & Mutations

You are amphibious.
You cover ground slowly.
You can hop short distances.
You have an extended range of vision and can be seen from far away.


Message History

Things that are here:
a +0 dagger; a +0 robe
Found a war axe.
Found 16 arrows.
Found a stone staircase leading down.
You see here a +0 war axe.
p - a +0 war axe You see here 16 arrows.
q - 16 arrows An orc comes into view. It is wielding a +1 vorpal flail.
The orc shouts!
The orc moves out of view.
An orc comes into view. It is wielding a +0 hand axe.
The orc shouts!
An orc comes into view. It is wielding a +0 falchion.
The orc shouts!
Okay, then.
You hit the orc.
The orc is moderately wounded.
An orc comes into view. It is wielding a +0 flail.
The orc shouts!
You hit the orc.
The orc is severely wounded.
The orc hits you with a +0 hand axe.
You puncture the orc!
You kill the orc!
You hit the orc.
The orc is moderately wounded.
The orc hits you but does no damage.
You barely miss the orc.
The orc is moderately wounded.
The orc hits you with a +1 vorpal flail.
You hit the orc.
The orc is severely wounded.
The orc hits you with a +1 vorpal flail.
You barely miss the orc.
The orc is severely wounded.
The orc hits you with a +1 vorpal flail!
* * * LOW HITPOINT WARNING * * *
You die...

##........#
######..######
#.......#
#.#####.# #.#
#.# #.# #.#
#@# #o# #o#
#o# #.# #.#
#.# #.# #.#


You could see 3 orcs.

Vanquished Creatures
  An orc (D:3)
  A bat (D:1)
  3 endoplasms (D:1)
  2 giant cockroaches
  4 goblins
  2 hobgoblins
  2 ball pythons (D:1)
  2 frilled lizards (D:1)
  A rat (D:1)
18 creatures vanquished.

Notes
Turn   | Place    | Note
-------+----------+-------------------------------------------
     0 | D:1      | Cak3Hol3 the Barachi Warper began the quest for the Orb.
     0 | D:1      | Reached XP level 1. HP: 17/17 MP: 3/3
   250 | D:1      | Reached XP level 2. HP: 19/23 MP: 5/5
   253 | D:1      | Learned a level 2 spell: Blink
   710 | D:2      | Noticed Sigmund
   728 | D:3      | Found the +4 dagger "Morg" {pain, Will+ Int+5}
   946 | D:3      | Slain by an orc

Illustrated notes

Levels and vault maps discovered:
D:1:      dpeg_arrival_tiny_g, layout_loops_cross, chequers_garden
D:2:      layout_basic, uniq_sigmund, uniq_jessica
D:3:      layout_basic

Skill      XL: |  1  2 |
---------------+-------+-----
Fighting       | 3 |  3.1
Long Blades    | |  2.6
Throwing       | |  1.0
Armour         | |  1.3
Dodging        | |  2.2
Stealth        | |  0.2
Spellcasting   | |  2.3
Translocations | |  3.6

Action                   || total
-------------------------++-------
Melee: Falchion          ||    39
       Dagger            ||    11
Throw: Boomerang         ||     4
 Abil: Hop               ||     1
Armor: Leather armour    ||     3
       Ring mail         ||    16
Dodge: Dodged            ||    22
